[Event "Late-Titled-Tuesday-Blitz-March-05-2024"]
[Site "Chess.com"]
[Date "2024.03.05"]
[Round "10"]
[White "OPQRC"]
[Black "mac0504"]
[Result "0-1"]
[WhiteElo "2577"]
[BlackElo "2725"]
[TimeControl "180+1"]
[EndTime "15:50:27 PST"]
[Termination "mac0504 won by resignation"]

1. e4 Nc6 2. Nf3 d6 3. b3 Nf6 4. Bd3 e5 5. Bb2 g6 6. O-O Bg7 7. c3 O-O 8. Bc2 Re8 9. Re1 Bg4 10. h3 Bxf3 11. Qxf3 Nd7 12. Na3 a6 13. Nc4 Qh4 14. Ne3 Nb6 15. Rad1 a5 16. a4 Rad8 17. d4 exd4 18.
cxd4 Nb4 19. Bb1 c5 20. e5 dxe5 21. dxc5 e4 22. Qe2 Bxb2 23. Qxb2 Nd7 24. Ng4 Nd3 25. Bxd3 exd3 26. Rxe8+ Rxe8 27. Rxd3 Re1+ 28. Kh2 Ne5 29. Rd8+ Qxd8 30. Nxe5 Qc7 31. f4 Qxc5 32. Qd2 Qg1+ 33.
Kg3 Qe3+ 0-1

[Event "Late-Titled-Tuesday-Blitz-March-05-2024"]
[Site "Chess.com"]
[Date "2024.03.05"]
[Round "10"]
[White "PawnEatingZombie"]
[Black "dimoni64"]
[Result "1-0"]
[WhiteElo "2171"]
[BlackElo "1976"]
[TimeControl "180+1"]
[EndTime "15:50:27 PST"]
[Termination "PawnEatingZombie won on time"]

1. e4 c5 2. Nc3 Nc6 3. f4 g6 4. Nf3 Bg7 5. a4 e6 6. e5 d6 7. Bb5 d5 8. Bxc6+ bxc6 9. d3 Ne7 10.
O-O O-O 11. b3 f6 12. exf6 Bxf6 13. Bd2 Qb6 14. Kh1 Ba6 15. a5 Qc7 16. Re1 Qd6 17. Qe2 Kf7 18. Ne5+ Kg7 19. Ng4 Bc8 20. Nxf6 Rxf6 21.
Na4 Nf5 22. Bc1 Nd4 23. Qd1 Bd7 24. g3 Re8 25. Ba3 e5 26. Bxc5 Qc7 27. fxe5 Rf2 28.
Bxd4 Rf5 29. e6+ 1-0

[Event "Late-Titled-Tuesday-Blitz-March-05-2024"]
[Site "Chess.com"]
[Date "2024.03.05"]
[Round "10"]
[White "Rodalquilar"]
[Black "reevecanada"]
[Result "1-0"]
[WhiteElo "2794"]
[BlackElo "2628"]
[TimeControl "180+1"]
[EndTime "15:50:30 PST"]
[Termination "Rodalquilar won by resignation"]

1. d4 Nf6 2. Nf3 g6 3. Bf4 Bg7 4. e3 O-O 5. Be2 d6 6. O-O Nbd7 7. h3 b6 8. Bh2 Bb7 9. a4 Re8 10. a5 e5 11. a6 Bc6 12. c4 Bxf3 13. Bxf3 e4 14. Be2 d5 15. Nc3 c6 16. cxd5 Nxd5 17. Nxd5 cxd5 18. Bb5 Re6 19. Qa4 Nf6 20. Rac1 Rc8 21.
Be5 Bf8 22. Bc6 Ne8 23. Bb7 Rxc1 24. Rxc1 Bg7 25. Rc8 Qe7 26. Bxd5 b5 27. Qxb5 Rxe5 28. dxe5 Kf8 29. Bc6 Qxe5 30. Rxe8+ Qxe8 31. Bxe8 1-0

[Event "Late-Titled-Tuesday-Blitz-March-05-2024"]
[Site "Chess.com"]
[Date "2024.03.05"]
[Round "10"]
[White "Nick12772"]
[Black "Bekkedahl"]
[Result "1-0"]
[WhiteElo "2399"]
[BlackElo "2217"]
[TimeControl "180+1"]
[EndTime "15:50:30 PST"]
[Termination "Nick12772 won by resignation"]

1. Nf3 Nf6 2. g3 g6 3. Bg2 Bg7 4. O-O O-O 5. c4 d6 6. Nc3 e5 7. d3 Nc6 8. Bg5 h6 9. Bxf6 Bxf6 10. Rb1 a5 11. a3 Bg7 12. b4 axb4 13. axb4 Be6 14. b5 Ne7 15. e4 f5 16. exf5 Nxf5 17.
Ne1 Ra7 18. Nc2 Nd4 19. Nxd4 exd4 20. Nd5 Qd7 21. b6 cxb6 22. Nxb6 Qe7 23. Nd5 Qg5 24.
h4 Qg4 25. Ne7+ Kh7 26. Be4 Rf6 27. h5 Qxd1 28. Rbxd1 Bf5 29. hxg6+ Bxg6 30. Nxg6 Rxg6 31. Rb1 Be5 32. Ra1 Rxa1 33. Rxa1 Kg7 34. Bxg6 Kxg6 35. Rb1 Kg5 36. Rxb7 h5 37. Re7 Kf6 38. Re8 Kf7 39.
Ra8 Kg6 40. Kg2 Kg5 41. Kf3 h4 42. gxh4+ Kxh4 43. Rg8 Kh5 44. Ke4 1-0

[Event "Late-Titled-Tuesday-Blitz-March-05-2024"]
[Site "Chess.com"]
[Date "2024.03.05"]
[Round "10"]
[White "Mr_Heisenberg13"]
[Black "VladimirKramnik"]
[Result "1-0"]
[WhiteElo "2879"]
[BlackElo "2987"]
[TimeControl "180+1"]
[EndTime "15:50:32 PST"]
[Termination "Mr_Heisenberg13 won on time"]

1. e4 c5 2. Nf3 d6 3. d4 cxd4 4. Nxd4 Nf6 5. Nc3 a6 6. Bd2 g6 7. f3 Bg7 8. Be3 Nbd7 9. Qd2 h5 10. O-O-O b5 11. Kb1 Bb7 12. Nb3 Rc8 13. Be2 Ne5 14.
Bd4 O-O 15. Qe3 Nc4 16. Bxc4 Rxc4 17. Bb6 Qa8 18. Na5 Rxc3 19. bxc3 Rc8 20. c4 bxc4 21. Bd4 c3 22. Ka1 Bc6 23. Nxc6 Qxc6 24. Rd3 Nd7 25. Bxg7 Kxg7 26. f4 f6 27. Rb1 Qa4 28. Qd4 Rc4 29.
Qd5 Nc5 30. Rb8 e6 31. Qa8 Qxc2 32. Rg8+ Kh7 33. Rh8+ 1-0

[Event "Late-Titled-Tuesday-Blitz-March-05-2024"]
[Site "Chess.com"]
[Date "2024.03.05"]
[Round "10"]
[White "traack"]
[Black "Ajedrez_con_German"]
[Result "1-0"]
[WhiteElo "2447"]
[BlackElo "2552"]
[TimeControl "180+1"]
[EndTime "15:50:32 PST"]
[Termination "traack won by checkmate"]

1. e4 g6 2. d4 Bg7 3. Nc3 d5 4. exd5 Nf6 5. Bc4 O-O 6. Nf3 Nbd7 7. Bb3 Nb6 8. O-O Bg4 9. h3 Bf5 10. Re1 Nfxd5 11. Nxd5 Nxd5 12. c3 c6 13. a4 a5 14. Bg5 Re8 15. Qd2 Qb6 16. Bc4 Qc7 17. Bh6 Rad8 18. Bxg7 Kxg7 19. Ne5 f6 20. Ng4 Bxg4 21.
hxg4 e5 22. dxe5 Rxe5 23. Rxe5 Qxe5 24. Re1 Qc7 25. Qe2 Rd7 26. Bxd5 cxd5 27. Qe8 Rf7 28. Qb5 Rd7 29. Re6 d4 30. cxd4 Rxd4 31. g3 Qc1+ 32. Kg2 Rd1 33. Re7+ Kh6 34. Qxb7 Rg1+ 35. Kh2 Qf1 36.
Rxh7+ Kg5 37. Rh5+ gxh5 38. Qg7# 1-0

[Event "Late-Titled-Tuesday-Blitz-March-05-2024"]
[Site "Chess.com"]
[Date "2024.03.05"]
[Round "10"]
[White "DonJuan_34"]
[Black "Mikasinski"]
[Result "0-1"]
[WhiteElo "2482"]
[BlackElo "2692"]
[TimeControl "180+1"]
[EndTime "15:50:34 PST"]
[Termination "Mikasinski won by resignation"]

1. d4 Nf6 2. c4 e6 3. Nc3 Bb4 4. Nf3 O-O 5. Bg5 h6 6. Bh4 g5 7.
Bg3 Ne4 8. Qc2 f5 9. Nd2 Bxc3 10. bxc3 Nxg3 11. hxg3 Qf6 12. O-O-O d6 13. f3 c5 14. e3 Nc6 15. Bd3 Bd7 16. g4 Kg7 17. dxc5 dxc5 18.
Nb3 Ne5 19. Nxc5 Bc6 20. gxf5 exf5 21. f4 Ng4 22. fxg5 hxg5 23. Rhe1 Rae8 24. e4 fxe4 25.
Nxe4 Qf4+ 26. Nd2 Ne3 27. Rxe3 Rxe3 28. Rf1 Qd6 29. Rxf8 Qxf8 30. Bh7 Qa3+ 31. Kd1 Qd6 32. Kc1 Re1+ 33. Kb2 Re2 34. Bd3 Rxg2 35. Kb3 Qd7 36. Qc1 Qxd3 37. Ne4 Qxe4 38. Qxg5+ Rxg5 0-1

[Event "Late-Titled-Tuesday-Blitz-March-05-2024"]
[Site "Chess.com"]
[Date "2024.03.05"]
[Round "10"]
[White "djano"]
[Black "kai_nov"]
[Result "1-0"]
[WhiteElo "2575"]
[BlackElo "2387"]
[TimeControl "180+1"]
[EndTime "15:50:35 PST"]
[Termination "djano won on time"]

1. e4 c5 2. Nc3 Nc6 3. Bc4 e6 4. a3 Nf6 5. d3 d5 6. Bb5 Bd7 7.
Nf3 Qc7 8. O-O h6 9. exd5 exd5 10.
Re1+ Be7 11. Bxc6 Bxc6 12. Ne5 O-O 13. Bf4 Bd6 14. Bg3 d4 15. Nxc6 Bxg3 16. Ne7+ Kh8 17. hxg3 dxc3 18. bxc3 Rfe8 19. Nf5 g6 20. Ne3 Rad8 21.
Qf3 Kg7 22. Rab1 b6 23. c4 Qe5 24. a4 Qc3 25. Re2 Re6 26. Rbe1 Rde8 27. Rb1 h5 28. Ree1 Ng4 29. Re2 Nxe3 30. fxe3 R8e7 31. Rf1 Re5 32. Qf6+ Kg8 33. Ref2 1-0

[Event "Late-Titled-Tuesday-Blitz-March-05-2024"]
[Site "Chess.com"]
[Date "2024.03.05"]
[Round "10"]
[White "giomar27"]
[Black "Statham_01"]
[Result "1-0"]
[WhiteElo "2449"]
[BlackElo "2573"]
[TimeControl "180+1"]
[EndTime "15:50:43 PST"]
[Termination "giomar27 won by checkmate"]

1. Nc3 Nf6 2. e4 e5 3. d4 exd4 4.
Qxd4 Nc6 5. Qd3 Be7 6. Bf4 d5 7. O-O-O O-O 8. exd5 Nb4 9. Qc4 Bf5 10. d6 Bxc2 11.
Rd2 c5 12. a3 b5 13. Qxb5 Rb8 14. Qxc5 Bxd6 15. Qxd6 Qa5 16. axb4 Rxb4 17. Kxc2 Rfb8 18. Qxb8+ Rxb8 19. Bxb8 h6 20. Nf3 Ng4 21. Bg3 Nf6 22. Bc4 Qb6 23. Re1 a5 24. Re7 Qc5 25. Bxf7+ Kh7 26.
Bd6 Qf5+ 27. Rd3 a4 28. Nxa4 Ne4 29. Rxe4 Qxe4 30. Nc3 Qg4 31. g3 Qf5 32. Bd5 Qd7 33. Be4+ Kh8 34. Be5 Qe8 35. Nh4 Kg8 36. Ng6 h5 37. Bc7 Kh7 38. Rd8 h4 39. Rxe8 Kh6 40.
f4 Kh5 41. Rh8+ Kg4 42. Rxh4# 1-0

[Event "Late-Titled-Tuesday-Blitz-March-05-2024"]
[Site "Chess.com"]
[Date "2024.03.05"]
[Round "10"]
[White "Lukianoo"]
[Black "HamedWafa4"]
[Result "1-0"]
[WhiteElo "2884"]
[BlackElo "2763"]
[TimeControl "180+1"]
[EndTime "15:50:44 PST"]
[Termination "Lukianoo won by resignation"]

1. e4 e5 2. d4 exd4 3. Qxd4 Nc6 4. Qe3 Nf6 5. Nc3 Bb4 6. Bd2 O-O 7. O-O-O Re8 8.
Bc4 Bxc3 9. Bxc3 Nxe4 10. Qf4 Nf6 11. Nf3 d6 12. Ng5 Be6 13. Bd3 h6 14. h4 d5 15.
Nxe6 Rxe6 16. Bf5 Qd6 17. Qf3 Re7 18. g4 Ne4 19. g5 Nxc3 20. bxc3 h5 21. Rxd5 Qa3+ 22.
Kb1 Nb4 23. Qxh5 Qxa2+ 24. Kc1 Re6 25. Qh7+ Kf8 26. Rd7 Ke8 27. Bxe6 Qxe6 28. Rhd1 Na2+ 29. Kb2 Qb6+ 30. Kxa2 Qa5+ 31. Kb2 Qb5+ 32. Kc1 1-0

[Event "Late-Titled-Tuesday-Blitz-March-05-2024"]
[Site "Chess.com"]
[Date "2024.03.05"]
[Round "10"]
[White "DraningWaterHi"]
[Black "Ducke13"]
[Result "1-0"]
[WhiteElo "2220"]
[BlackElo "2378"]
[TimeControl "180+1"]
[EndTime "15:50:46 PST"]
[Termination "DraningWaterHi won on time"]

1. d4 Nf6 2. c4 g6 3. Nc3 d5 4. e3 Bg7 5. Nf3 O-O 6. b3 c5 7.
Bb2 cxd4 8. Nxd4 Re8 9. Be2 e5 10. Nf3 e4 11. Nd4 dxc4 12. Bxc4 Bg4 13. Qc2 Nbd7 14.
h3 Bh5 15. g4 Nxg4 16. hxg4 Bxg4 17. Rg1 Ne5 18. Bb5 Re7 19. Nxe4 Rc8 20. Nc3 a6 21.
Be2 Bxe2 22. Qxe2 Nc6 23. Nxc6 Rxc6 24. Na4 Qa5+ 25. Kf1 Bh6 26. Rd1 Qf5 27. Rd8+ Bf8 28. Ba3 Ree6 29. Bxf8 Rc1+ 30. Rd1 Qh3+ 31. Ke1 Rxd1+ 32.
Kxd1 Kxf8 33. Qg4 Qh2 34. Qg3 Rd6+ 35. Kc2 Rc6+ 36. Kb2 Qh5 37. f3 Qd5 38. Qf2 b5 39.
Nc3 Qe5 40. Qd2 b4 41. Qd8+ Kg7 42. Qd4 bxc3+ 43. Kc2 Qxd4 44. exd4 h5 45. d5 Rd6 46. Rd1 Kf6 47. Kxc3 Ke5 48. Kc4 g5 49. Kc5 Rd8 50. d6 Ke6 51. Kc6 Rc8+ 52. Kb7 1-0

[Event "Late-Titled-Tuesday-Blitz-March-05-2024"]
[Site "Chess.com"]
[Date "2024.03.05"]
[Round "10"]
[White "Kosak12"]
[Black "SaqoChess_Twitch"]
[Result "1-0"]
[WhiteElo "2808"]
[BlackElo "2652"]
[TimeControl "180+1"]
[EndTime "15:50:47 PST"]
[Termination "Kosak12 won by resignation"]

1. d4 d5 2. c4 e6 3. Nf3 Nf6 4. g3 Be7 5. Bg2 O-O 6. O-O dxc4 7. Qc2 a6 8. a4 c5 9. dxc5 Bxc5 10.
Qxc4 Nbd7 11. Nc3 b5 12. Qh4 b4 13. Ne4 Nxe4 14. Qxe4 Ra7 15. Be3 Bb7 16. Qd3 Bxe3 17.
Qxe3 Qb6 18. Qf4 a5 19. Rfd1 Nf6 20. Rac1 h6 21. Rd6 g5 22. Nxg5 Nh5 23. Qd2 Qxd6 24. Qxd6 Bxg2 25. Kxg2 hxg5 26. Rc5 f6 27. Qxe6+ Kh7 28.
h4 Ng7 29. Qd6 Raf7 30. Rc7 gxh4 31. Rxf7 Rxf7 32. gxh4 f5 33. Qc5 f4 34. Qxa5 Nf5 35. Qxb4 Nxh4+ 36. Kh3 Ng6 37. a5 f3 38. e3 Kh6 39. a6 Rf5 40. a7 Ne5 41. Qf4+ Rxf4 42. exf4 Nc6 43. a8=Q Kh5 44. Qe8+ Kh6 45. Qxc6+ Kh5 46.
Qxf3+ 1-0

[Event "Late-Titled-Tuesday-Blitz-March-05-2024"]
[Site "Chess.com"]
[Date "2024.03.05"]
[Round "10"]
[White "TigrVShlyape"]
[Black "Bykov_Egor"]
[Result "1-0"]
[WhiteElo "2880"]
[BlackElo "2629"]
[TimeControl "180+1"]
[EndTime "15:50:48 PST"]
[Termination "TigrVShlyape won on time"]

1. d4 Nf6 2. Bf4 d5 3. e3 c5 4.
c3 Nc6 5. Nd2 Bf5 6. Qb3 Qc8 7.
a4 e6 8. Ngf3 c4 9. Qa2 Na5 10.
Be2 Be7 11. O-O O-O 12. Rfc1 Nh5 13. Bg3 Nxg3 14. hxg3 Qc7 15. b3 cxb3 16. Nxb3 Nc4 17. Nbd2 Nxd2 18. Nxd2 Rfc8 19. a5 h6 20. c4 Bb4 21. c5 e5 22. Nb3 exd4 23. Nxd4 Be4 24. c6 bxc6 25. Nxc6 Bd6 26. Ba6 Re8 27. Qb2 Qd7 28. Bb7 Rab8 29. Nxb8 Rxb8 30. a6 Qg4 31. Ra4 1-0

[Event "Late-Titled-Tuesday-Blitz-March-05-2024"]
[Site "Chess.com"]
[Date "2024.03.05"]
[Round "10"]
[White "Hikaru"]
[Black "mishanick"]
[Result "1-0"]
[WhiteElo "3275"]
[BlackElo "3088"]
[TimeControl "180+1"]
[EndTime "15:50:49 PST"]
[Termination "Hikaru won by resignation"]

1. h3 c5 2. c4 Nc6 3. Nc3 e6 4.
e3 d5 5. cxd5 exd5 6. d4 Nf6 7.
Nf3 cxd4 8. Nxd4 Bc5 9. Be2 O-O 10. O-O h6 11. Nxc6 bxc6 12. b3 Qd6 13. Na4 Bb4 14. Bb2 Ba5 15. Rc1 Re8 16. Bd4 Bc7 17. f4 Bb6 18. Bf3 Bf5 19. Nc5 Ne4 20. Bxe4 Bxe4 21. Qg4 f6 22. Rc3 Kh7 23. Rfc1 Bg6 24. b4 Qe7 25. f5 Bf7 26. Na6 Qb7 27. b5 Bxd4 28. Qxd4 Re4 29. Nc5 Qxb5 30. Nxe4 dxe4 31. Rxc6 Qxf5 32. Rc7 Bxa2 33. Rf1 Qg5 34. Qxe4+ Qg6 35.
Qxa8 Bb1 36. Rxg7+ Qxg7 37. Rxb1 1-0

[Event "Late-Titled-Tuesday-Blitz-March-05-2024"]
[Site "Chess.com"]
[Date "2024.03.05"]
[Round "10"]
[White "Sokoloco"]
[Black "SpeedofLight0"]
[Result "0-1"]
[WhiteElo "2805"]
[BlackElo "3100"]
[TimeControl "180+1"]
[EndTime "15:50:49 PST"]
[Termination "SpeedofLight0 won by checkmate"]

1. b3 d5 2. Nf3 Nf6 3. e3 g6 4.
Bb2 Bg7 5. Be2 O-O 6. d4 c5 7. O-O Nc6 8. dxc5 Qa5 9. c4 Qxc5 10. cxd5 Qxd5 11. Nc3 Qa5 12. Nd4 Bd7 13. Bf3 Rac8 14.
Qd2 Rfd8 15. Rfd1 Nxd4 16. exd4 Bg4 17. Bxg4 Nxg4 18. Qe2 Bxd4 19. Rxd4 Rxd4 20. Ne4 Rxe4 21. Qxe4 Qf5 22. Qxf5 gxf5 23. h3 Nxf2 24. Bd4 Ne4 25. Bxa7 Rc2 26. b4 e5 27. a4 Rb2 28. b5 Kg7 29. Rc1 f4 30. Rc7 Ng3 31. Rxb7 Rb1+ 32.
Kf2 Rf1# 0-1

[Event "Late-Titled-Tuesday-Blitz-March-05-2024"]
[Site "Chess.com"]
[Date "2024.03.05"]
[Round "10"]
[White "SocoLoco"]
[Black "ThaBarWa"]
[Result "0-1"]
[WhiteElo "2216"]
[BlackElo "2374"]
[TimeControl "180+1"]
[EndTime "15:50:50 PST"]
[Termination "ThaBarWa won on time"]

1. e4 c5 2. Nf3 d6 3. d3 Nc6 4. g3 g6 5. Bg2 Bg7 6. O-O Nf6 7. Nbd2 O-O 8. c3 Nd7 9. Nh4 Rb8 10. a4 a6 11. f4 b5 12. axb5 axb5 13.
Qc2 b4 14. h3 bxc3 15. bxc3 Nb4 16. cxb4 Bxa1 17. bxc5 Bd4+ 18. Kh2 Nxc5 19. Nhf3 Bg7 20. d4 Ne6 21. Qc3 Ba6 22. Re1 Qc8 23. Qa1 Bd3 24. Bb2 Qc2 25. Ba3 Ra8 26. Re3 Nxd4 27. Nxd4 Qxd2 28.
Bc1 Qxe3 29. Bxe3 Rxa1 30. Nc6 Re8 31. e5 Ra2 32. Kg1 Rxg2+ 33. Kxg2 Be4+ 34. Kf2 Bxc6 35. exd6 exd6 36. Bb6 Re4 37. g4 Bd4+ 38. Kg3 Bxb6 39. Kh4 g5+ 40. Kxg5 Bd8+ 41. Kh5 Be8 42. h4 f5+ 43. Kh6 Rxf4 44. h5 Bxh5 45. g5 Bxg5+ 46. Kxh5 Bd8 0-1

[Event "Late-Titled-Tuesday-Blitz-March-05-2024"]
[Site "Chess.com"]
[Date "2024.03.05"]
[Round "10"]
[White "TheCavemanChess"]
[Black "Heydarli77"]
[Result "1-0"]
[WhiteElo "2741"]
[BlackElo "2432"]
[TimeControl "180+1"]
[EndTime "15:50:52 PST"]
[Termination "TheCavemanChess won by resignation"]

1. Nf3 d5 2. g3 Nf6 3. Bg2 g6 4. O-O Bg7 5. d4 O-O 6. c4 dxc4 7. Na3 c6 8. Nxc4 Nbd7 9. Bf4 Nb6 10. Nce5 Bf5 11.
Qb3 Qd5 12. Qa3 Qb5 13. Rfe1 Nfd5 14. Bd2 f6 15. e4 fxe5 16. exf5 Nc4 17. Qd3 Rxf5 18.
dxe5 Nxd2 19. Qxd2 Qb4 20. Rad1 Qxd2 21. Rxd2 Raf8 22. Rd3 g5 23. g4 Rf4 24. Nxg5 Rxg4 25.
Rg3 Rxg3 26. hxg3 Nb6 27. Ne6 Rc8 28. Bh3 Rb8 29. f4 Nd5 30. Bg2 Nb6 31. Rd1 Kf7 32. Ng5+ Kg8 33. Bh3 h6 34. Be6+ Kf8 35. Ne4 Ke8 36.
Nc5 Na8 37. Rd7 b6 38. Na6 Rd8 39. Rxa7 b5 40. Rxa8 1-0

[Event "Late-Titled-Tuesday-Blitz-March-05-2024"]
[Site "Chess.com"]
[Date "2024.03.05"]
[Round "10"]
[White "TanitoluwaAps116"]
[Black "XDPS"]
[Result "1-0"]
[WhiteElo "2856"]
[BlackElo "2893"]
[TimeControl "180+1"]
[EndTime "15:50:53 PST"]
[Termination "TanitoluwaAps116 won by resignation"]

1. e4 g6 2. d4 Bg7 3. Nc3 a6 4. Be3 b5 5. Nf3 Bb7 6. Bd3 d6 7. O-O Nd7 8. Qd2 c5 9. dxc5 dxc5 10. Rad1 Qc7 11. Bf4 e5 12. Bg3 Ne7 13. Bxb5 axb5 14. Nxb5 Qc6 15. Nd6+ Kf8 16. Nxb7 Nf6 17. Nd6 Nh5 18.
Nxe5 Qa6 19. Nexf7 Rg8 20. Ng5 Rh8 21. Ne6+ Kg8 22.
Nc7 Qa7 23. Nxa8 Qxa8 24. Qg5 Bf6 25. Qxc5 Kg7 26. Be5 Rf8 27. Bxf6+ Nxf6 28. e5 Nh5 29. Qc7 Nf4 30. Qxe7+ Kh8 31. f3 h5 32. Nf7+ Kg8 33.
Rd8 Qa7+ 34. Qxa7 1-0

[Event "Late-Titled-Tuesday-Blitz-March-05-2024"]
[Site "Chess.com"]
[Date "2024.03.05"]
[Round "10"]
[White "Crazy_girl99"]
[Black "manitodeplomo"]
[Result "1-0"]
[WhiteElo "2587"]
[BlackElo "2707"]
[TimeControl "180+1"]
[EndTime "15:50:54 PST"]
[Termination "Crazy_girl99 won by resignation"]

1. e4 e6 2. d4 d5 3. e5 c5 4. c3 Nc6 5. Nf3 Bd7 6. Be2 Nge7 7.
dxc5 Ng6 8. b4 a5 9. Ba3 axb4 10.
cxb4 b6 11. b5 Ncxe5 12. Nxe5 Nxe5 13. Qd4 Qg5 14. O-O bxc5 15. Bxc5 Bxc5 16. Qxc5 Qe7 17.
Qd4 f6 18. f4 Nf7 19. Nc3 O-O 20. a4 Rfc8 21. Rfc1 Nd6 22. a5 Nf5 23. Qf2 Qb4 24. a6 Rxc3 25. Rcb1 Qd4 26. b6 Rc2 27. b7 Rb8 28. a7 Rxb7 29. a8=Q+ Kf7 30. Qxb7 Rxe2 31. Qxd7+ Kg6 32. Qxd4 Nxd4 33. Qe8+ 1-0

[Event "Late-Titled-Tuesday-Blitz-March-05-2024"]
[Site "Chess.com"]
[Date "2024.03.05"]
[Round "10"]
[White "TheMagician"]
[Black "Zallio"]
[Result "0-1"]
[WhiteElo "2197"]
[BlackElo "2160"]
[TimeControl "180+1"]
[EndTime "15:50:54 PST"]
[Termination "Zallio won on time"]

1. d4 d5 2. c4 e6 3. Nf3 Nf6 4. Nc3 Bb4 5. Qb3 Nc6 6. Bg5 dxc4 7. Qxc4 Qd5 8. Qxd5 Nxd5 9. Bd2 O-O 10. Nxd5 Bxd2+ 11. Kxd2 exd5 12. Rc1 Bg4 13. e3 a6 14. Bd3 Rfe8 15. Rc3 Rad8 16. Bxa6 Bxf3 17. gxf3 Nxd4 18. exd4 bxa6 19. Rxc7 Rb8 20. b3 a5 21. Re1 Rxe1 22. Kxe1 Kf8 23. Rc5 a4 24. bxa4 Rb1+ 25. Ke2 Rb2+ 26.
Ke3 Rxa2 27. a5 Ra3+ 28. Kf4 f6 29. Rxd5 g5+ 30. Kg3 Kf7 31. Rb5 h5 32. h3 Ra4 33.
d5 h4+ 34. Kg2 Ke7 35. Rb7+ Kd6 36. Rb6+ Kxd5 37. Rxf6 Ke5 38. Ra6 Kf4 39. Ra8 Ra3 40. a6 Kf5 0-1

[Event "Late-Titled-Tuesday-Blitz-March-05-2024"]
[Site "Chess.com"]
[Date "2024.03.05"]
[Round "10"]
[White "Njal28"]
[Black "bancsoo"]
[Result "1-0"]
[WhiteElo "3007"]
[BlackElo "2882"]
[TimeControl "180+1"]
[EndTime "15:50:56 PST"]
[Termination "Njal28 won by resignation"]

1. d4 d5 2. Nf3 Nf6 3. c4 c6 4.
Nc3 dxc4 5. e4 b5 6. Be2 e6 7.
O-O Bb7 8. Qc2 Be7 9. b3 b4 10. e5 Nd5 11. Nxd5 cxd5 12. bxc4 dxc4 13. Bxc4 O-O 14.
Be3 Nd7 15. Rac1 Nb6 16. Bd3 h6 17. Qd2 Qd7 18. Rfe1 Rfd8 19. Rcd1 Nd5 20. Bxh6 Nc3 21. Qf4 Nxd1 22. Qg4 Bf8 23. Rxd1 Bxf3 24. gxf3 g6 25. Be3 Bg7 26. h4 Rac8 27. h5 gxh5 28. Qxh5 Qe7 29. Qh7+ Kf8 30. Bh6 Ke8 31. Bb5+ 1-0

[Event "Late-Titled-Tuesday-Blitz-March-05-2024"]
[Site "Chess.com"]
[Date "2024.03.05"]
[Round "10"]
[White "GlavkonVVS"]
[Black "Cambek64"]
[Result "0-1"]
[WhiteElo "2541"]
[BlackElo "2494"]
[TimeControl "180+1"]
[EndTime "15:50:56 PST"]
[Termination "Cambek64 won by resignation"]

1. c4 c6 2. d4 d5 3. Nc3 Nf6 4. Nf3 a6 5. a4 b6 6. e3 Bg4 7. Qb3 Bxf3 8. gxf3 e6 9. e4 Be7 10.
e5 Nh5 11. f4 g6 12. Be2 Ng7 13. cxd5 cxd5 14. Bd3 O-O 15. Be3 Nc6 16. Ne2 Nb4 17. Bb1 Rc8 18. h4 h5 19. Ng3 Qc7 20. Kf1 Qc4+ 21.
Qxc4 Rxc4 22. Kg2 Rfc8 23. Ra3 Nc2 24. Rb3 R8c6 25. Bxc2 Rxc2 26. Rd1 Bxh4 27. Rdd3 Bd8 28. Rdc3 R6xc3 29. bxc3 Ra2 30. Rb4 a5 31. Rb5 Rxa4 32. Ne2 Rc4 33. Kf1 Nf5 34. Ke1 Kf8 35. Kd2 Ke8 36. Kd3 Kd7 37. Bd2 Kc6 38. Rb1 b5 39.
Ng3 Nxg3 40. fxg3 Bb6 41. g4 hxg4 42. Rh1 b4 43. Rh7 bxc3 44. Bxc3 g3 45. Rh3 g2 46. Rg3 Ra4 47. Rxg2 Ra3 48. Rh2 a4 49. Kc2 Ra2+ 50. Bb2 a3 51. Kb3 Rxb2+ 52. Rxb2 axb2 0-1

[Event "Late-Titled-Tuesday-Blitz-March-05-2024"]
[Site "Chess.com"]
[Date "2024.03.05"]
[Round "10"]
[White "Eeleyah"]
[Black "MaiqMaster"]
[Result "0-1"]
[WhiteElo "2448"]
[BlackElo "2342"]
[TimeControl "180+1"]
[EndTime "15:50:56 PST"]
[Termination "MaiqMaster won by resignation"]

1. d4 d5 2. c4 e6 3. Nf3 Nf6 4.
g3 Bb4+ 5. Nbd2 dxc4 6. Qc2 b5 7.
a4 c6 8. Bg2 Bb7 9. O-O O-O 10.
Rd1 Nbd7 11. b3 cxb3 12. Nxb3 a5 13. Ne5 bxa4 14. Nc5 Nxc5 15. dxc5 Qe7 16. Nd3 Nd5 17. Nxb4 axb4 18. Rxa4 Rxa4 19. Qxa4 Nc3 20. Qb3 Nxd1 21. Qxd1 Rd8 22. Qc2 Ba6 23. Bf3 Bb5 24. Bf4 e5 25.
Bd2 b3 26. Qb2 Qxc5 27. Bc3 Qc4 28. Kg2 e4 29. Bg4 Qd5 30. Bxg7 f5 31. Bh6 Qd4 32. Qd2 Qxd2 33. Bxd2 Rxd2 34. Bxf5 Bxe2 0-1

[Event "Late-Titled-Tuesday-Blitz-March-05-2024"]
[Site "Chess.com"]
[Date "2024.03.05"]
[Round "10"]
[White "BeanScreen"]
[Black "EsmeraldasAnderson03"]
[Result "1-0"]
[WhiteElo "2717"]
[BlackElo "2538"]
[TimeControl "180+1"]
[EndTime "15:50:57 PST"]
[Termination "BeanScreen won on time"]

1. e4 c5 2. c3 Nf6 3. e5 Nd5 4. Nf3 d6 5. Bb5+ Nc6 6. O-O a6 7.
Bxc6+ bxc6 8. d4 cxd4 9. cxd4 e6 10. Re1 Be7 11. exd6 Qxd6 12. Nbd2 Nf6 13. Nc4 Qd8 14. Be3 O-O 15. Rc1 Rb8 16. b3 a5 17. Nce5 Bb7 18.
Nxc6 Bxc6 19. Rxc6 Qd5 20. Qc2 Rfd8 21. Ne5 Bd6 22. Rc1 Bxe5 23. Rc5 Bxh2+ 24. Kxh2 Qd6+ 25. Kg1 Ng4 26. Qe4 Qh2+ 27. Kf1 Nxe3+ 28. fxe3 a4 29. Qc2 axb3 30. axb3 h5 31. Rc3 g6 32. Qf2 Rb5 33. e4 Qd6 34. Rc8 Rxb3 35. Kg1 Rb8 36. R8c7 Qd7 37. Rxd7 1-0

[Event "Late-Titled-Tuesday-Blitz-March-05-2024"]
[Site "Chess.com"]
[Date "2024.03.05"]
[Round "10"]
[White "sergiochess83"]
[Black "ArtemDyachuk"]
[Result "1-0"]
[WhiteElo "2848"]
[BlackElo "2683"]
[TimeControl "180+1"]
[EndTime "15:50:58 PST"]
[Termination "sergiochess83 won on time"]

1. d4 Nf6 2. c4 g6 3. f3 Bg7 4. e4 d6 5. Ne2 O-O 6. Be3 Nc6 7. Nbc3 a6 8. a3 b5 9. cxb5 axb5 10.
Nxb5 Ba6 11. Nec3 Na5 12. b4 c6 13. Nxd6 Bxf1 14. Rxf1 exd6 15. bxa5 Qxa5 16. Qd2 Nd7 17.
Kf2 Nb6 18. Qd3 d5 19. Kg1 Nc4 20. Bf2 Nxa3 21. Ra2 Rfb8 22. exd5 Rb3 23. Rc1 cxd5 24. Be1 Qb6 25. Kf1 Rc8 26. Qd1 Bxd4 27. Nxd5 Qb5+ 28.
Re2 Rxc1 29. Qxd4 Qa6 30. Ne7+ 1-0

[Event "Late-Titled-Tuesday-Blitz-March-05-2024"]
[Site "Chess.com"]
[Date "2024.03.05"]
[Round "10"]
[White "Malev212"]
[Black "KNVB"]
[Result "1-0"]
[WhiteElo "2657"]
[BlackElo "2791"]
[TimeControl "180+1"]
[EndTime "15:50:59 PST"]
[Termination "Malev212 won on time"]

1. e4 b6 2. d4 Bb7 3. Nc3 e6 4.
Bd3 Nf6 5. Nh3 g6 6. O-O Bg7 7. e5 Nd5 8. Nxd5 Bxd5 9. Bg5 Qc8 10. Qd2 h6 11. Be3 Bb7 12. f4 Nc6 13. Nf2 Ne7 14.
Ne4 Nf5 15. Bf2 h5 16. c4 d6 17. d5 dxe5 18. fxe5 Bxe5 19. Rae1 O-O 20. Ng5 Bf6 21.
dxe6 fxe6 22. Nxe6 Re8 23. Bxf5 gxf5 24. Qh6 Rxe6 25.
Qg6+ Kh8 26. Qxf5 Rxe1 27. Qxf6+ Kg8 28. Bxe1 Qg4 29. Qf7+ Kh8 30. Bc3+ 1-0

[Event "Late-Titled-Tuesday-Blitz-March-05-2024"]
[Site "Chess.com"]
[Date "2024.03.05"]
[Round "10"]
[White "JoakimVonAnd"]
[Black "XeresLt"]
[Result "1-0"]
[WhiteElo "2711"]
[BlackElo "2487"]
[TimeControl "180+1"]
[EndTime "15:50:59 PST"]
[Termination "JoakimVonAnd won by checkmate"]

1. d4 Nf6 2. g3 g6 3. Bg2 Bg7 4. e4 O-O 5. Ne2 d5 6. e5 Ne8 7.
O-O c5 8. dxc5 e6 9. f4 Nd7 10. Be3 Qc7 11. b4 a5 12. c3 axb4 13. cxb4 f6 14.
exf6 Nexf6 15. Nbc3 b6 16. Nd4 Re8 17. c6 Nf8 18. Qd3 Ng4 19. Bd2 Bxd4+ 20. Qxd4 Qxc6 21.
Nxd5 Qd7 22. Bc3 exd5 23. Bxd5+ Re6 24. Rae1 Ra3 25. Qh8+ Kf7 26. Bxe6+ Nxe6 27. Qxh7+ Kf8 28. Qh8+ Kf7 29. f5 gxf5 30. Rxf5+ Kg6 31. Qh5# 1-0